 Dungeon Crawl Stone Soup version 0.27-a0-899-ge2d0b17 (webtiles) character file.

Game seed: 11642543129925984439

104 Nithhogg the Skirmisher (level 4, 0/35 HPs)
             Began as a Demonspawn Fighter on Apr 5, 2021.
             Succumbed to a gnoll's poison
             ... on level 4 of the Dungeon.
             The game lasted 00:04:05 (3715 turns).

Nithhogg the Skirmisher (Demonspawn Fighter)        Turns: 3715, Time: 00:04:05

Health: 0/35       AC:  6    Str: 17    XL:     4   Next: 52%
Magic:  4/4        EV:  9    Int: 10    God:
Gold:   165        SH:  0    Dex: 12    Spells: 3/3 levels left

rFire    . . .     SeeInvis .   a - +0 long sword
rCold    . . .     Faith    .   (no shield)
rNeg     . . .     Spirit   .   b - +0 scale mail
rPois    .         Reflect  .   (helmet restricted)
rElec    .         Harm     .   (no cloak)
rCorr    .         Rampage  .   (no gloves)
Will     .....                  (no boots)
Stlth    ..........             (no amulet)
HPRegen  0.11/turn              (no ring)
MPRegen  0.09/turn              (no ring)

@: lethally poisoned (0 -> -8)
A: horns 1
a: no special abilities


You were on level 4 of the Dungeon.
You visited 1 branch of the dungeon, and saw 4 of its levels.

You collected 165 gold pieces.

Inventory:

Hand Weapons
 a - a +0 long sword (weapon)
Armour
 b - a +0 scale mail (worn)
 c - a +0 kite shield
Scrolls
 e - 2 scrolls of teleportation {unknown}
 f - 4 scrolls of identify {unknown}
 g - a scroll of blinking {unknown}
 i - a scroll of enchant weapon {unknown}
 k - 2 scrolls of enchant armour {unknown}
 m - a scroll of fog {unknown}


   Skills:
 + Level 3.5 Fighting
 * Level 3.0 Long Blades
 + Level 3.2 Armour
 + Level 1.4 Dodging
 - Level 2.6 Shields


You had 3 spell levels left.
You didn't know any spells.
Your spell library contained the following spells:

 Spells                   Type           Power      Damage    Failure   Level
 Confusing Touch          Hex            0%         N/A       98%         3
 Gell's Gravitas          Tloc           0%         N/A       98%         3
 Petrify                  Tmut/Erth      0%         N/A       100%        4
 Metabolic Englaciation   Hex/Ice        0%         N/A       100%        5
 Yara's Violent Unravell  Hex/Tmut       0%         3d3       100%        5


Dungeon Overview and Level Annotations

Branches:
Dungeon (4/15)
 Temple: D:4-7

Altars:
Cheibriados
Wu Jian

Shops:
D:2 ?


Innate Abilities, Weirdness & Mutations

You have a pair of small horns on your head.


Message History

The worm barely misses you.
You barely miss the worm.
The worm is almost dead.
The worm bites you.
You hit the worm.
The worm is almost dead.
The worm bites you.
You slash the worm!
You kill the worm!
You see here a worm corpse.
HP restored.
A gnoll comes into view.
It is wielding a +0 war axe and quivering poisoned darts.
The gnoll shouts!
The gnoll throws a poisoned dart.
The poisoned dart hits you!
You are poisoned.
You feel very sick. 2 gnolls come into view.
You feel sick.
The gnoll shouts! x2
The gnoll throws a poisoned dart.
The poisoned dart hits you!
You are more poisoned.
You feel very sick.
A hornet zombie comes into view.
The gnoll throws a poisoned dart.
The poisoned dart hits you!
You are more poisoned.
The gnoll throws a stone.
The stone hits you but does no damage.
You feel very sick.
You feel very sick.
You feel very sick.
The gnoll throws a poisoned dart.
The poisoned dart hits you!
You are lethally poisoned!
* * * LOW HITPOINT WARNING * * *
You feel very sick.
* * * LOW HITPOINT WARNING * * *
You feel very sick.
* * * LOW HITPOINT WARNING * * *
You feel very sick.
* * * LOW HITPOINT WARNING * * *
You feel sick.
You die...

#..# #..# ..#
##..## ..
###....#
.####......##
..#.........#
............###
..........##..#
#........†#####
###......@<.#
##.....#### .
##..g## ..#
##.Z##
....####.g.#
.......#g.##
#........######
###.......##..#
#...........##


You could see 3 gnolls and a hornet zombie.

Vanquished Creatures
  Natasha (D:4)
  An adder (D:3)
  A worm (D:4)
  2 dart slugs
  5 orcs (D:3)
  8 ball pythons
  4 bats
  4 endoplasms
  3 giant cockroaches
  5 hobgoblins
  9 jackals (D:2)
  3 kobolds
  2 frilled lizards
  3 goblins
  3 rats
54 creatures vanquished.

Vanquished Creatures (others)
  6 plants (D:2)
6 creatures vanquished.

Grand Total: 60 creatures vanquished

Notes
Turn   | Place    | Note
-------+----------+-------------------------------------------
     0 | D:1      | Nithhogg the Demonspawn Fighter began the quest for the
                  | Orb.
     0 | D:1      | Reached XP level 1. HP: 18/18 MP: 1/1
    87 | D:1      | Gained mutation: You have a pair of small horns on your
                  | head. [demonic ancestry]
    87 | D:1      | Reached XP level 2. HP: 18/24 MP: 2/2
   288 | D:1      | Found a faded altar of an unknown god.
   765 | D:2      | Reached XP level 3. HP: 9/29 MP: 3/3
  1165 | D:2      | Reached skill level 1 in Dodging
  1251 | D:2      | Found Foagae Ropuo's Magic Scroll Shop.
  2810 | D:3      | Found an ornate altar of the Wu Jian Council.
  2810 | D:3      | Found a snail-covered altar of Cheibriados.
  2865 | D:3      | Reached XP level 4. HP: 15/35 MP: 4/4
  3234 | D:4      | Noticed Natasha
  3266 | D:4      | Killed Natasha
  3715 | D:4      | Succumbed to a gnoll's poison

Illustrated notes

Levels and vault maps discovered:
D:1:      scummos_arrival_checkerplants, layout_loops_ring,
          basic_ecumenical_altar
D:2:      layout_rooms, serial_bayou, serial_bayou_crossing,
          serial_bayou_pond_d, serial_bayou_shore_b, serial_bayou_pond_a,
          serial_bayou_shore_b, serial_bayou_pond_c, serial_shops, shop,
          minivault_5
D:3:      layout_basic, gammafunk_temple_overflow_wave,
          chequers_serial_rivers_large_a
D:4:      layout_layer_cave, old_standard_altar, uniq_natasha

Skill      XL: |  1  2  3  4 |
---------------+-------------+-----
Long Blades    | 2 3 |  3.0
Armour         | 3 |  3.2
Dodging        | 1 |  1.4
Fighting       | |  3.5
Shields        | |  2.6

Action                   |  1- 3 |  4- 6 || total
-------------------------+-------+-------++-------
Melee: Long sword        |   146 |    20 ||   166
       Headbutt          |    21 |     4 ||    25
  Use: Potion            |     3 |     2 ||     5
Armor: Scale mail        |    80 |     5 ||    85
Dodge: Dodged            |   106 |    10 ||   116
       Rpst.: Long sword |    43 |     2 ||    45

Table legend: (Time is in decaauts)
 A = Elapsed time spent in this place.
 B = Non-inter-level travel time spent in this place.
 C = Inter-level travel time spent in this place.
 D = Time resting spent in this place.
 E = Time spent auto-exploring this place.
 F = Levels seen in this place.
 G = Mean time per level.
                   A        B        C        D        E       F      G
               +--------+--------+--------+--------+--------+-----+--------+
         Total |   3767 |   3706 |     61 |    283 |   3013 |   4 |  941.8 |
       Dungeon |   3767 |   3706 |     61 |    283 |   3013 |   4 |  941.8 |
               +--------+--------+--------+--------+--------+-----+--------+

Top non-repeatable levels by time:
     D:3: 1629 daAuts
     D:2: 1164 daAuts
     D:1: 736 daAuts
     D:4: 237 daAuts
